Map: Cosmic Sapphire

Players

PtitDrogo

  • Race: Protoss Protoss
  • Spawn Location: 11:00

ShoWTimE - Winner!

  • Race: Protoss Protoss
  • Spawn Location: 5:00

Event: HomeStory Cup XXII

VOD

Have the link to the VOD?

Description

Time

  • Played on: Dec. 15, 2022, 5:53 a.m.
  • Length: 4:20

All games in this series

Show
View Real Time Build Order
Export as new Build Order

PtitDrogo Protoss 

Build Orders: Oracle Opening, Dark Templar Rush 

Get SALT Encoding   

  12  0:00  Probe  
  13  0:12  Probe  
  14  0:17  Pylon  
  14  0:24  Probe (Chrono Boost)  
  15  0:36  Gateway, Probe (Chrono Boost)  
  16  0:44  Probe (Chrono Boost)  
  16  0:45  Assimilator  
  17  0:51  Probe  
  17  0:54  Assimilator  
  18  1:03  Probe (Chrono Boost)  
  19  1:07  Gateway  
  20  1:12  Probe (Chrono Boost)  
  20  1:17  Probe (Chrono Boost)  
  20  1:24  Cybernetics Core  
  21  1:29  Probe  
  22  1:37  Pylon  
  22  1:41  Probe  
  23  2:00  Stargate  
  23  2:02  Stalker  
  27  2:09  Warp Gate  
  27  2:18  Pylon  
  27  2:21  Stalker  
  27  2:24  Probe  
  27  2:43  Oracle (Chrono Boost)  
  30  2:54  Nexus  
  30  2:56  Probe  
  31  3:08  Probe  
  31  3:11  Twilight Council  
  32  3:32  Probe  
  33  3:34  Pylon  
  30  3:45  Probe  
  30  3:46  Pylon  
  30  3:48  Dark Shrine  
  31  3:57  Probe  
  31  3:58  Stalker x2  
  36  4:07  Shield Battery  
  36  4:08  Probe (Chrono Boost)  
  36  4:09  Probe (Chrono Boost)  
Show
View Real Time Build Order
Export as new Build Order

ShoWTimE Protoss - Winner!

Build Orders:  

Get SALT Encoding   

  12  0:00  Probe  
  13  0:12  Probe  
  14  0:17  Pylon  
  14  0:24  Probe (Chrono Boost)  
  15  0:35  Gateway  
  15  0:36  Probe (Chrono Boost)  
  16  0:43  Probe (Chrono Boost)  
  16  0:45  Assimilator  
  17  0:50  Probe  
  18  1:03  Probe (Chrono Boost)  
  19  1:04  Assimilator  
  19  1:10  Gateway  
  19  1:13  Probe (Chrono Boost)  
  19  1:18  Probe (Chrono Boost)  
  20  1:22  Cybernetics Core  
  21  1:29  Probe  
  21  1:32  Pylon  
  22  1:41  Probe  
  23  1:53  Probe  
  24  1:58  Stalker  
  24  1:59  Stalker  
  24  2:00  Warp Gate  
  28  2:05  Probe  
  29  2:11  Pylon  
  29  2:28  Stalker  
  29  2:29  Stalker  
  33  2:45  Robotics Facility  
  33  2:46  Gateway  
  33  3:03  Stalker x2  
  37  3:10  Shield Battery  
  37  3:26  Pylon  
  37  3:29  Warp Prism (Chrono Boost)  
  37  3:52  Stalker x3  
  43  3:58  Pylon  
Tags
 
Add a new tag
Caveats
  • Supply blocks, unpowered buildings, or Contaminate may cause inaccurate times.
  • Supply counts are checked every 10 seconds.